 Dungeon Crawl Stone Soup version 0.30-a0-852-g08b95dd62f (webtiles) character file.

Game seed: 6331496435055796401

33006 BubbleThief the Spear-Bearer (level 13, -1/111 HPs)
             Began as a Demonspawn Necromancer on Mar 4, 2023.
             Was a High Priest of Kikubaaqudgha.
             Slain by a komodo dragon (29 damage)
             ... on level 3 of the Lair of Beasts.
             The game lasted 00:28:55 (14911 turns).

BubbleThief the Spear-Bearer (DsNe)                Turns: 14911, Time: 00:28:55

Health: -1/111     AC:  9    Str: 25    XL:     13   Next: 34%
Magic:  9/22       EV: 12    Int: 16    God:    Kikubaaqudgha [*****.]
Gold:   688        SH:  0    Dex: 13    Spells: 11/24 levels left

rFire   . . .      SeeInvis .    y - +6 spear (venom)
rCold   . . .      Faith    .    (no shield)
rNeg    . . .      Spirit   .    a - +0 robe
rPois   .          Reflect  .    n - +2 helmet
rElec   +          Rampage  .    C - scarf {shadows}
rCorr   .                        M - +0 pair of gloves
Will    +....                    (no boots)
Stlth   ++                       N - amulet of Qeikhlef {RegenMP rElec Will+}
HPRegen 0.38/turn                A - +6 ring of strength
MPRegen 0.58/turn                f - ring of Bagouhot {Str+4 Slay+4}

@: very slightly contaminated
A: hooves 2, powered by death 1, sharp scales 3
a: Renounce Religion, Unearth Wretches, Torment


You were on level 3 of the Lair of Beasts.
You worshipped Kikubaaqudgha.
Kikubaaqudgha was extremely pleased with you.
You visited 3 branches of the dungeon, and saw 14 of its levels.
You also visited: Bailey.

You collected 988 gold pieces.
You spent 300 gold pieces at shops.

Inventory:

Hand Weapons
 y - a +6 spear of venom (weapon)
 L - a +1 heavy bardiche
Missiles
 B - a throwing net
Armour
 a - a +0 robe (worn)
 l - a +0 kite shield
 n - a +2 helmet (worn)
 C - a scarf of shadows (worn)
 E - +0 ice dragon scales
 M - a +0 pair of gloves (worn)
 O - the +10 kite shield of Quick Contentment {rN+ rCorr Str+2}
   (You acquired it on level 3 of the Lair of Beasts)

   Str:       It affects your strength (+2).
   rN:        It protects you from negative energy.
   rCorr:     It protects you from acid and corrosion.
Jewellery
 f - the ring of Bagouhot (right hand) {Str+4 Slay+4}
   (You acquired it on level 1 of the Lair of Beasts)

   [ring of slaying]

   Str:       It affects your strength (+4).
   Slay:      It affects your accuracy & damage with ranged weapons and melee
   (+4).
 k - a ring of protection from cold
 s - a ring of flight
 t - a ring of poison resistance
 u - an amulet of faith
 w - a ring of protection from fire
 A - a +6 ring of strength (left hand)
 G - a ring of willpower
 I - a ring of see invisible
 N - the amulet of Qeikhlef (around neck) {RegenMP rElec Will+}
   (You found it on level 4 of the Lair of Beasts)

   [amulet of magic regeneration]

   It increases your rate of magic regeneration.
   rElec:     It insulates you from electricity.
   Will:      It increases your willpower.
Wands
 j - a wand of iceblast (6)
 q - a wand of polymorph (20)
 v - a wand of mindburst (10)
 F - a wand of flame (17)
 K - a wand of paralysis (16)
Scrolls
 c - 5 scrolls of identify
 m - a scroll of fear
 p - 2 scrolls of poison
 r - 2 scrolls of magic mapping
 x - 2 scrolls of teleportation
Potions
 b - 3 potions of magic
 d - 6 potions of might
 e - 3 potions of resistance
 g - 3 potions of cancellation
 h - 2 potions of invisibility
 i - 9 potions of flight
 o - 5 potions of curing
 z - 3 potions of heal wounds
 D - 2 potions of haste
 H - 2 potions of berserk rage
 J - a potion of brilliance
 P - 2 potions of lignification


   Skills:
 + Level 13.5 Fighting
 + Level 14.2 Polearms
 - Level 1.7 Dodging
 - Level 1.7 Stealth
 - Level 6.0 Spellcasting
 - Level 10.3 Necromancy


You had 11 spell levels left.
You knew the following spells:

 Your Spells              Type           Power      Damage    Failure   Level
a - Necrotise             Necr           100%       1d9       1%          1
b - Vampiric Draining     Necr           38%        2d8       1%          3
c - Animate Dead          Necr           38%        N/A       1%          4
d - Borgnjor's Vile Clut  Necr/Erth      10%        N/A       41%         5

Your spell library contained the following spells:

 Spells                   Type           Power      Damage    Failure   Level
 Kiss of Death            Conj/Necr      84%        2d11      1%          1
 Sublimation of Blood     Necr           38%        N/A       1%          2
 Cigotuvi's Dreadful Rot  Necr/Pois/Air  30%        N/A       4%          2
 Agony                    Necr           38%        N/A       5%          5
 Beastly Appendage        Tmut           8%         N/A       14%         1
 Shock                    Conj/Air       16%        1d4       14%         1
 Summon Small Mammal      Summ           16%        N/A       14%         1
 Anguish                  Hex/Necr       10%        N/A       16%         4
 Wereblood                Tmut           4%         N/A       21%         2
 Call Canine Familiar     Summ           4%         N/A       38%         3
 Frozen Ramparts          Ice            8%         1d2       38%         3
 Portal Projectile        Hex/Tloc       8%         N/A       38%         3
 Spider Form              Tmut/Pois      4%         N/A       38%         3
 Summon Guardian Golem    Hex/Summ       4%         N/A       38%         3
 Swiftness                Air            4%         N/A       38%         3
 Airstrike                Air            2%         2d(1-17)  80%         4
 Ice Form                 Ice/Tmut       4%         N/A       80%         4
 Leda's Liquefaction      Hex/Erth       2%         N/A       80%         4
 Petrify                  Tmut/Erth      4%         N/A       80%         4
 Summon Ice Beast         Ice/Summ       4%         N/A       80%         4
 Simulacrum               Ice/Necr       10%        N/A       94%         6
 Irradiate                Conj/Tmut      2%         3d12      98%         5
 Iskenderun's Battlesphe  Conj           4%         2d6       98%         5
 Iron Shot                Conj/Erth      2%         9d2       100%        6
 Spellforged Servitor     Conj/Summ      2%         N/A       100%        7


Dungeon Overview and Level Annotations

Branches:
Dungeon (9/15)             Temple (1/1) D:5            Lair (4/5) D:9
 Shoals (0/4) Lair:2        Snake (0/4) Lair:3       Bailey (visited)
  Slime: Lair:4-5       Orc: D:9-12

Altars:
Cheibriados
Dithmenos
Fedhas
Gozag
Kikubaaqudgha
Nemelex Xobeh
Okawaru
Qazlal
Sif Muna
Vehumet
Xom
Yredelemnul

Shops:
D:1 (   D:6 ((*

Annotations:
D:9 1 runed translucent door
Lair:2 2 transporters, Foxy's ghost, journeyman KoGl
Lair:3 Rupert


Innate Abilities, Weirdness & Mutations

You have hoof-like feet.
You regenerate a little health from kills.
You are completely covered in razor-sharp scales. (AC +3, Slay +3)


Message History

Rupert hits your wolf zombie with a +1 battleaxe of electrocution!
Your wolf zombie closely misses Rupert.
The komodo dragon bites your wolf zombie!!
Your wolf zombie is destroyed!
Rupert shouts!
You could not reach far enough!
Your wolf zombie barely misses Rupert.
Rupert hits your cane toad zombie with a +1 battleaxe of electrocution!!
Your cane toad zombie is destroyed!
Rupert hits your wolf zombie with a +1 battleaxe of electrocution!!
Lightning courses through your wolf zombie!!
Your wolf zombie is destroyed!
Okay, then.
Casting: Animate Dead (mildly dangerous; 1% risk of failure)
Confirm with . or Enter, or press ? or * to list all spells.
Aiming: Borgnjor's Vile Clutch (dangerous; 41% risk of failure)
Press: ? - help, Shift-Dir - straight line, f/p - Rupert
Aim: Rupert, wielding a +1 battleaxe of electrocution and wearing a +2 ring mail of poison resistance (moderately wounded, berserk, very poisoned, 100% to hit)
You miscast Borgnjor's Vile Clutch.
You are very lightly contaminated with residual magic.
The floor shifts beneath you alarmingly.
Rupert hits you with a +1 battleaxe of electrocution!!
Casting: Borgnjor's Vile Clutch (dangerous; 41% risk of failure)
Confirm with . or Enter, or press ? or * to list all spells.
Aiming: Borgnjor's Vile Clutch (dangerous; 41% risk of failure)
Press: ? - help, Shift-Dir - straight line, f/p - Rupert
Aim: Rupert, wielding a +1 battleaxe of electrocution and wearing a +2 ring mail of poison resistance (moderately wounded, berserk, very poisoned, 100% to hit)
You miscast Borgnjor's Vile Clutch.
Nothing appears to happen.
Rupert hits you with a +1 battleaxe of electrocution!!
Casting: Borgnjor's Vile Clutch (dangerous; 41% risk of failure)
Confirm with . or Enter, or press ? or * to list all spells.
Aiming: Borgnjor's Vile Clutch (dangerous; 41% risk of failure)
Press: ? - help, Shift-Dir - straight line, f/p - Rupert
Aim: Rupert, wielding a +1 battleaxe of electrocution and wearing a +2 ring mail of poison resistance (moderately wounded, berserk, very poisoned, 100% to hit)
Zombie hands grab Rupert.
The zombie hands constrict Rupert.
Rupert hits you with a +1 battleaxe of electrocution!!
* * * LOW HITPOINT WARNING * * *
The komodo dragon bites you!!
You die...
Kikubaaqudgha rasps: "You have failed me!
Welcome... death!"

.#....###...P#P....#.......#.....
......+............#......##.....
.#P...###...P##.....#.....#......
##....# #.#####....#......#.....#
###...######.##....##.#.#........
.......#..###......##.###..#.....
.................................
......[...|......................
...............@@................
...............l.................
.....................##.####...##
#........P...##......##.#.#.#..##
##......###.. ##.....##.....#..P#
##.......### .##...........##....
#......... .........#.....#.PP.
##........+...#......#.....##..#.
.........##.. ##......#....#.....


You could see Rupert (berserk, very poisoned, clutched) and a komodo dragon.

Vanquished Creatures
  3 hydras
  A catoblepas (Lair:4)
  Urug (Lair:2)
  A skyshark (Lair:3)
  A salamander (Lair:3)
  2 black mambas (Lair:4)
  2 elephants (Lair:4)
  A torpor snail (Lair:1)
  10 cane toads
  A rime drake (Lair:4)
  5 komodo dragons
  Maggie (Lair:2)
  3 merfolk (Lair:2)
  2 polar bears
  Grinder (D:8)
  4 dream sheep (Lair:3)
  14 blink frogs
  2 hornets
  35 yaks
  A spriggan (Lair:3)
  4 wyverns
  3 basilisks
  8 water moccasins
  3 ice beasts
  6 orc warriors (Bailey)
  2 sky beasts (D:7)
  38 wolves
  An ogre (D:7)
  A phantom (D:5)
  5 centaurs
  2 kobold brigands
  9 bullfrogs
  4 gnoll sergeants
  15 scorpions
  3 wights (D:9)
  2 killer bees (D:9)
  3 howler monkeys (D:8)
  9 hounds
  A jelly (D:7)
  5 orc priests
  5 gnoll boudas
  4 sleepcaps
  2 iguanas
  2 orc wizards
  14 adders
  28 gnolls
  A shadow imp (D:8)
  3 white imps
  2 ufetubi
  4 worms
  A dart slug (D:8)
  19 orcs
  9 endoplasms
  6 giant cockroaches
  14 goblins
  5 hobgoblins
  9 jackals
  21 kobolds
  5 quokkas
  6 ball pythons
  16 bats
  2 frilled lizards (D:1)
  7 rats
  3 butterflies (D:9)
403 creatures vanquished.

Vanquished Creatures (collateral kills)
  An elephant (Lair:4)
  A merfolk (Lair:2)
  2 dream sheep (Lair:3)
  2 blink frogs
  4 yaks
  2 basilisks
  2 water moccasins
  An orc warrior (D:8)
  4 wolves
  A gnoll (D:8)
  A worm (D:2)
  4 orcs
  A kobold (D:3)
  A rat (D:2)
  A butterfly (D:9)
28 creatures vanquished.

Vanquished Creatures (others)
  2 cane toad zombies
  2 blink frog zombies (Lair:3)
  A komodo dragon zombie (Lair:3)
  14 yak zombies
  13 wolf zombies
  A basilisk zombie (Lair:3)
  4 orc zombies (D:8)
  45 fungi
  26 plants
108 creatures vanquished.

Grand Total: 539 creatures vanquished

Notes
Turn   | Place    | Note
-------+----------+-------------------------------------------
     0 | D:1      | BubbleThief the Demonspawn Necromancer began the quest for
                  | the Orb.
     0 | D:1      | Reached XP level 1. HP: 13/13 MP: 3/3
   180 | D:1      | Gained mutation: You have large cloven feet. [demonic
                  | ancestry]
   180 | D:1      | Reached XP level 2. HP: 19/19 MP: 3/5
   418 | D:1      | Found Rinicuih's Weapon Emporium.
   484 | D:1      | Reached skill level 5 in Necromancy
   919 | D:2      | Reached XP level 3. HP: 24/24 MP: 0/6
  1393 | D:2      | Found a faded altar of an unknown god.
  1502 | D:2      | Gained mutation: You are partially covered in razor-sharp
                  | scales. (AC +1, Slay +1) [demonic ancestry]
  1502 | D:2      | Reached XP level 4. HP: 30/30 MP: 3/8
  2401 | D:3      | You fall into a shaft and drop 3 floors!
  2422 | D:6      | Noticed a scorpion
  2428 | D:6      | Killed a scorpion
  2429 | D:6      | Gained mutation: You regenerate a little health from kills.
                  | [demonic ancestry]
  2429 | D:6      | Reached XP level 5. HP: 26/35 MP: 2/10
  2641 | D:6      | Gained mutation: You are mostly covered in razor-sharp
                  | scales. (AC +2, Slay +2) [demonic ancestry]
  2641 | D:6      | Reached XP level 6. HP: 31/42 MP: 3/11
  2717 | D:6      | Found Faczist's General Store.
  2835 | D:6      | Reached skill level 1 in Polearms
  2878 | D:5      | Entered Level 5 of the Dungeon
  2990 | D:6      | Noticed a water moccasin
  3000 | D:6      | Killed a water moccasin
  3001 | D:6      | Reached skill level 1 in Fighting
  3001 | D:6      | Reached skill level 2 in Polearms
  3007 | D:6      | Learned a level 3 spell: Vampiric Draining
  3012 | D:6      | Learned a level 4 spell: Animate Dead
  3082 | D:6      | Found Maukad's Antique Weapon Boutique.
  3114 | D:6      | Found a shadowy altar of Dithmenos.
  3118 | D:6      | Noticed Grinder
  3125 | D:6      | Paralysed by Grinder for 3 turns
  3356 | D:6      | Found Uxohess's Antique Weapon Emporium.
  3359 | D:6      | Bought a glowing spear for 192 gold pieces
  3671 | D:5      | Reached skill level 3 in Polearms
  3671 | D:5      | Reached XP level 7. HP: 50/50 MP: 10/12
  4324 | D:5      | Reached skill level 4 in Polearms
  4456 | D:5      | Found a staircase to the Ecumenical Temple.
  4488 | Temple   | Entered the Ecumenical Temple
  4624 | D:5      | Reached skill level 5 in Polearms
  4624 | D:5      | Reached XP level 8. HP: 60/60 MP: 13/13
  5061 | D:4      | Reached skill level 6 in Polearms
  5507 | D:3      | Found a shimmering altar of Xom.
  5796 | D:3      | Found a basalt altar of Yredelemnul.
  5841 | D:3      | Found a sparkling altar of Nemelex Xobeh.
  6216 | D:7      | Reached skill level 5 in Fighting
  6249 | D:7      | Found an iron altar of Okawaru.
  6361 | D:7      | Found a flagged portal.
  6378 | Bailey   | Entered a bailey
  6426 | Bailey   | Reached skill level 7 in Polearms
  6485 | Bailey   | Gained mutation: You are completely covered in razor-sharp
                  | scales. (AC +3, Slay +3) [demonic ancestry]
  6485 | Bailey   | Reached XP level 9. HP: 56/69 MP: 11/14
  6896 | D:7      | Found a stormy altar of Qazlal.
  6917 | D:7      | Reached skill level 8 in Polearms
  7102 | D:7      | Found an opulent altar of Gozag.
  7314 | D:7      | Found a blossoming altar of Fedhas.
  7413 | D:7      | Reached skill level 9 in Polearms
  7488 | D:7      | Found a radiant altar of Vehumet.
  7493 | D:7      | Found a shimmering blue altar of Sif Muna.
  7493 | D:7      | Found an ancient bone altar of Kikubaaqudgha.
  7611 | D:7      | Became a worshipper of Kikubaaqudgha
  8014 | D:1      | Bought a +0 bardiche for 108 gold pieces
  8315 | D:8      | Found a snail-covered altar of Cheibriados.
  8388 | D:8      | Gained mutation: You have hoof-like feet. [demonic
                  | ancestry]
  8388 | D:8      | Reached XP level 10. HP: 79/79 MP: 13/15
  8398 | D:8      | Reached skill level 10 in Polearms
  8403 | D:8      | Reached * piety under Kikubaaqudgha
  8403 | D:8      | Received a gift from Kikubaaqudgha
  8460 | D:8      | Killed Grinder
  9155 | D:9      | Reached skill level 11 in Polearms
  9179 | D:9      | Reached ** piety under Kikubaaqudgha
  9561 | D:9      | Reached XP level 11. HP: 84/87 MP: 16/16
  9707 | D:9      | Found a runed translucent door.
  9722 | D:9      | Found a runed translucent door.
  9742 | D:9      | Found a staircase to the Lair.
 10028 | D:9      | Reached skill level 12 in Polearms
 10063 | Lair:1   | Entered Level 1 of the Lair of Beasts
 10202 | Lair:1   | Identified a scroll of acquirement
 10202 | Lair:1   | Acquired the ring of Bagouhot {Str+4 Slay+4}
 10309 | Lair:1   | Reached *** piety under Kikubaaqudgha
 10309 | Lair:1   | Received a gift from Kikubaaqudgha
 10384 | Lair:1   | Identified the +9 war axe of Amortisation {heavy, rF+}
 10394 | Lair:1   | Reached skill level 10 in Fighting
 10609 | Lair:1   | Reached skill level 5 in Spellcasting
 10667 | Lair:1   | Learned a level 5 spell: Borgnjor's Vile Clutch
 11769 | Lair:2   | Found a transporter.
 11772 | Lair:2   | Found a transporter.
 11773 | Lair:2   | Noticed Foxy's ghost (journeyman KoGl)
 11873 | Lair:2   | Noticed Urug
 11890 | Lair:2   | Killed Urug
 11891 | Lair:2   | Reached XP level 12. HP: 18/99 MP: 21/21
 12421 | Lair:2   | Found a staircase to the Shoals.
 12454 | Lair:2   | Noticed Maggie
 12463 | Lair:2   | Killed Maggie
 12601 | Lair:2   | Reached **** piety under Kikubaaqudgha
 12866 | Lair:3   | Reached skill level 10 in Necromancy
 13332 | Lair:3   | Found a staircase to the Snake Pit.
 13389 | Lair:4   | Reached skill level 13 in Polearms
 13494 | Lair:4   | Reached ***** piety under Kikubaaqudgha
 13904 | Lair:4   | Identified the amulet of Qeikhlef {RegenMP rElec Will+}
 14061 | Lair:4   | Noticed a catoblepas
 14061 | Lair:4   | Noticed an eight-headed hydra
 14070 | Lair:4   | Killed a catoblepas
 14073 | Lair:4   | Killed an eight-headed hydra
 14150 | Lair:4   | Noticed a four-headed hydra
 14150 | Lair:4   | Noticed a five-headed hydra
 14167 | Lair:4   | Killed a five-headed hydra
 14168 | Lair:4   | Reached XP level 13. HP: 81/109 MP: 22/22
 14591 | Lair:3   | Acquired the +10 kite shield of Quick Contentment {rN+
                  | rCorr Str+2}
 14626 | Lair:3   | Reached skill level 14 in Polearms
 14899 | Lair:3   | Noticed Rupert
 14911 | Lair:3   | Slain by a komodo dragon

Illustrated notes

Levels and vault maps discovered:
D:1:      amcnicky_arrival_gap_in_the_tavern_cellar, layout_basic, serial_shops,
          nicolae_shop_bloodbath_and_beyond,
          nicolae_concentric_dashed_squares_mild
D:2:      layout_basic, shapermc_ecumenical_altar_gd, minmay_cupped
D:3:      layout_loops_ring, xom_teletrap_fun,
          nemelex_xobeh_ov_fountains_minmay, yredelemnul_altar_generic
D:4:      old_forge, layout_loops_ring
D:5:      layout_basic, minmay_temple_entry_poolview
D:6:      layout_basic, nicolae_dithmenos_shadow_blocks, serial_shops,
          nicolae_shop_stone, kennysheep_mini_moat,
          nicolae_shop_advertising_works [nicolae_subvault_shop_adworks],
          nicolae_underground_beach, uniq_grinder
D:7:      layout_cave_pools, grunt_temple_overflow_magic_moments,
          nicolae_gozag_cash_rules_everything_around_me,
          mainiacjoe_overflow_concentric_impassable, grunt_qazlal_clouds,
          mainiacjoe_overflow_six_doors_small, serial_gnoll_camp,
          gnoll_camp_huts_basic, gnoll_camp_mini_basic, gnoll_camp_mini_hut,
          gnoll_camp_mini_sergeant, gnoll_camp_mini_doghouse, enter_bailey_3
D:8:      layout_basic, kennysheep_slug_shrine, grunt_decor_arrowhead,
          hangedman_decor_riveting, st_stairs_12, minmay_misc_feat_five
D:9:      lemuel_insect_pit, layout_cave_pods, tso_metal_star,
          david_lair_generic
Temple:   ebering_the_none_and_only
Lair:1:   layout_big_grid, minmay_holes, dreamdust_mushroom_princess,
          grunt_megastairs_3
Lair:2:   layout_roguey, elwin_shoals_entry_stream, gammafunk_ghost_hive,
          uniq_maggie, uniq_urug
Lair:3:   layout_regular_city, nicolae_snake_entry_warm_welcome, basic_altar,
          grunt_forest_large_clearings, uniq_rupert
Lair:4:   layout_roguey, minmay_shattered_shrine

Skill      XL: |  1  2  3  4  5  6  7  8  9 10 11 12 13 |
---------------+----------------------------------------+-----
Necromancy     | 5 6 7 9 10 | 10.3
Spellcasting   | 3 6 |  6.0
Polearms       | 3 5 7 9 11 12 13 14 | 14.2
Fighting       | 2 3 5 7 9 10 12 13 | 13.5
Dodging        | |  1.7
Stealth        | |  1.7

Action                     |  1- 3 |  4- 6 |  7- 9 | 10-12 | 13-15 || total
---------------------------+-------+-------+-------+-------+-------++-------
  Melee: Unarmed           |    13 |       |       |       |       ||    13
         Dagger            |     4 |       |       |       |       ||     4
         Kick              |     2 |     4 |    78 |   126 |    36 ||   246
         Spear             |       |    16 |   361 |   513 |   137 ||  1027
         Rapier            |       |     1 |       |       |       ||     1
         Punch             |       |       |     6 |     3 |     3 ||    12
   Cast: Necrotise         |    74 |    79 |    17 |    10 |       ||   180
         Vampiric Draining |       |       |    14 |     4 |       ||    18
         Animate Dead      |       |       |     1 |     7 |     2 ||    10
         Borgnjor's Vile C |       |       |       |       |     2 ||     2
  Evoke: Wand              |       |     5 |       |       |       ||     5
    Use: Scroll            |       |       |    17 |     6 |     4 ||    27
         Potion            |       |       |       |       |     1 ||     1
   Stab: Sleeping          |       |       |    12 |     3 |       ||    15
         Held in net/web   |       |       |     1 |       |       ||     1
         Distracted        |       |       |     1 |     4 |     1 ||     6
 Armour: Robe              |    11 |     8 |    79 |    54 |    30 ||   182
  Dodge: Dodged            |    24 |    26 |   130 |   107 |    38 ||   325

Table legend: (Time is in decaauts)
 A = Elapsed time spent in this place.
 B = Non-inter-level travel time spent in this place.
 C = Inter-level travel time spent in this place.
 D = Time resting spent in this place.
 E = Time spent auto-exploring this place.
 F = Levels seen in this place.
 G = Mean time per level.
                   A        B        C        D        E       F      G
               +--------+--------+--------+--------+--------+-----+--------+
         Total |  14482 |  13698 |    784 |    595 |  10667 |  15 |  965.5 |
       Dungeon |   9392 |   8646 |    746 |     16 |   7126 |   9 | 1043.6 |
        Temple |      3 |      3 |      0 |      0 |      0 |   1 |    3.0 |
          Lair |   4583 |   4545 |     38 |    579 |   3198 |   4 | 1145.8 |
        Bailey |    501 |    501 |      0 |      0 |    343 |   1 |  501.0 |
               +--------+--------+--------+--------+--------+-----+--------+

Top non-repeatable levels by time:
  Lair:2: 1737 daAuts
     D:2: 1334 daAuts
     D:5: 1276 daAuts
     D:6: 1258 daAuts
     D:7: 1133 daAuts
     D:9: 1052 daAuts
  Lair:1: 1045 daAuts
     D:1: 987 daAuts
  Lair:3: 984 daAuts
     D:4: 889 daAuts
     D:3: 831 daAuts
  Lair:4: 816 daAuts
     D:8: 629 daAuts
  Bailey: 501 daAuts
  Temple: 3 daAuts
